TOP OF THE 1ST |
Hendersonville Hitmen batting - Pitching for Maui Tropics : RHP José García
|
Pitching: RHP José García
|
|
Batting: RHB Carlos García
|
0-0: Called Strike 0-1: Foul Ball, location: 2F 0-2: Foul Ball, location: 2F 0-2: Ball 1-2: Foul Ball, location: 2F 1-2: Ball 2-2: Foul Ball, location: 2F 2-2: Fly out, F9 (Flyball, 89M)
|
Batting: RHB Rafael González
|
0-0: SINGLE (Groundball, 34D)
|
Batting: LHB Lorenzo Villa
|
0-0: SINGLE (Line Drive, 89S) Rafael González to second
|
Batting: RHB Manolo Román
|
0-0: Ball 1-0: Foul Ball, location: 2F 1-1: SINGLE (Line Drive, 34D) Rafael González to third Lorenzo Villa to second Runner from 3rd tries for Home, SAFE, no throw or cutoff
|
Batting: LHB Terry White
|
0-0: Fly out, F7 (Flyball, 7D) Runner from 2nd tags up, SAFE at 3rd, no throw
|
Batting: SHB Tony López
|
0-0: Foul Ball, location: 2F 0-1: Ball 1-1: Called Strike 1-2: Fly out, F8 (Flyball, 8LS)
|
Top of the 1st over - 1 run(s), 3 hit(s), 0 error(s), 2 left on base; Hendersonville 1 - Maui 0 |
BOTTOM OF THE 1ST |
Maui Tropics batting - Pitching for Hendersonville Hitmen : RHP Carlos Hernández
|
Pitching: RHP Carlos Hernández
|
|
Batting: LHB Mario Olivares
|
0-0: SINGLE (Line Drive, 8RS)
|
Batting: LHB Juan Jose Rojas
|
0-0: Ball 1-0: Foul Ball, location: 2F 1-1: Called Strike Mario Olivares steals 2nd base 1-2: Ball 2-2: Fly out, F8 (Flyball, 8RM)
|
Batting: RHB Jesús Espinoza
|
0-0: Ball 1-0: DOUBLE (Flyball, 9LD) Mario Olivares scores
|
Batting: LHB Luis Antonio Torres
|
0-0: Swinging Strike 0-1: Called Strike 0-2: Ball 1-2: Foul Ball, location: 2F 1-2: Foul Ball, location: 2F 1-2: Ball 2-2: Ball 3-2: Foul Ball, location: 2F 3-2: SINGLE (Groundball, 25) (infield hit) Jesús Espinoza to third
|
Batting: RHB Phil White
|
0-0: Called Strike 0-1: Foul Ball, location: 2F 0-2: Ball 1-2: Fielders Choice at 2nd, 4-6 (Groundball, 4) Jesús Espinoza scores
|
Batting: LHB Henry Huffman
|
0-0: Ball 1-0: Foul Ball, location: 2F 1-1: Ball 2-1: Swinging Strike 2-2: Strikes out swinging
|
Bottom of the 1st over - 2 run(s), 3 hit(s), 0 error(s), 1 left on base; Hendersonville 1 - Maui 2 |
TOP OF THE 2ND |
Hendersonville Hitmen batting - Pitching for Maui Tropics : RHP José García
|
Batting: LHB Jerry Johnston
|
0-0: DOUBLE (Flyball, 89D)
|
Batting: SHB David Johnstone
|
0-0: DOUBLE (Flyball, 9D) Jerry Johnston scores
|
Batting: RHB Taylor McFarland
|
0-0: Ground out 6-3 (Groundball, 6M) David Johnstone to third
|
Batting: RHB Carlos García
|
0-0: Called Strike 0-1: Called Strike 0-2: Ground out 6-3 (Groundball, 6) David Johnstone scores
|
Batting: RHB Rafael González
|
0-0: Ball 1-0: DOUBLE (Line Drive, 7D)
|
Batting: LHB Lorenzo Villa
|
0-0: Swinging Strike 0-1: Ball 1-1: Fly out, F8 (Popup, 4MD)
|
Top of the 2nd over - 2 run(s), 3 hit(s), 0 error(s), 1 left on base; Hendersonville 3 - Maui 2 |
BOTTOM OF THE 2ND |
Maui Tropics batting - Pitching for Hendersonville Hitmen : RHP Carlos Hernández
|
Batting: RHB Damian Yates
|
0-0: Called Strike 0-1: Foul Ball, location: 2F 0-2: Ball 1-2: Ball 2-2: Ball 3-2: Foul Ball, location: 2F 3-2: Ground out 6-3 (Groundball, 6)
|
Batting: LHB Javier Espinoza
|
0-0: Foul Ball, location: 2F 0-1: Ball 1-1: Ball 2-1: Foul Ball, location: 2F 2-2: Strikes out looking
|
Batting: RHB Pat Haynes
|
0-0: Foul Ball, location: 2F 0-1: Swinging Strike 0-2: Ground out 6-3 (Groundball, 6)
|
Bottom of the 2nd over - 0 run(s), 0 hit(s), 0 error(s), 0 left on base; Hendersonville 3 - Maui 2 |
TOP OF THE 3RD |
Hendersonville Hitmen batting - Pitching for Maui Tropics : RHP José García
|
Batting: RHB Manolo Román
|
0-0: Ball 1-0: Ball 2-0: Ground out 6-3 (Groundball, 6M)
|
Batting: LHB Terry White
|
0-0: Fly out, F1 (Line Drive, 15S)
|
Batting: SHB Tony López
|
0-0: Ball 1-0: DOUBLE (Line Drive, 3L)
|
Batting: LHB Jerry Johnston
|
0-0: Called Strike 0-1: SINGLE (Flyball, 89S) Tony López to third Runner from 3rd tries for Home, SAFE, no throw or cutoff
|
Batting: SHB David Johnstone
|
0-0: Called Strike 0-1: SINGLE (Line Drive, 7S) Jerry Johnston to second
|
Batting: RHB Taylor McFarland
|
0-0: Foul Ball, location: 2F 0-1: Foul Ball, location: 2F 0-2: Ground out 5-3 (Groundball, 56S)
|
Top of the 3rd over - 1 run(s), 3 hit(s), 0 error(s), 2 left on base; Hendersonville 4 - Maui 2 |
BOTTOM OF THE 3RD |
Maui Tropics batting - Pitching for Hendersonville Hitmen : RHP Carlos Hernández
|
Batting: LHB Mario Olivares
|
0-0: Ball 1-0: Swinging Strike 1-1: Ball 2-1: Foul Ball, location: 2F 2-2: Ball 3-2: Foul Ball, location: 2F 3-2: Ground out 4-3 (Groundball, 13)
|
Batting: LHB Juan Jose Rojas
|
0-0: Fly out, F8 (Flyball, 8RD)
|
Batting: RHB Jesús Espinoza
|
0-0: Ground out 3-1 (Groundball, 34)
|
Bottom of the 3rd over - 0 run(s), 0 hit(s), 0 error(s), 0 left on base; Hendersonville 4 - Maui 2 |
TOP OF THE 4TH |
Hendersonville Hitmen batting - Pitching for Maui Tropics : RHP José García
|
Batting: RHB Carlos García
|
0-0: Called Strike 0-1: Foul Ball, location: 2F 0-2: Ball 1-2: Ground out 6-3 (Groundball, 6M)
|
Batting: RHB Rafael González
|
0-0: Called Strike 0-1: Swinging Strike 0-2: Ball 1-2: SINGLE (Groundball, 56D)
|
Batting: LHB Lorenzo Villa
|
0-0: Ball 1-0: 2-RUN HOME RUN (Flyball, 9LD), Distance : 442 ft
|
Batting: RHB Manolo Román
|
0-0: Ball 1-0: Ground out 5-3 (Groundball, 5S)
|
Batting: LHB Terry White
|
0-0: Swinging Strike 0-1: Ball 1-1: Foul Ball, location: 2F 1-2: Strikes out swinging
|
Top of the 4th over - 2 run(s), 2 hit(s), 0 error(s), 0 left on base; Hendersonville 6 - Maui 2 |
BOTTOM OF THE 4TH |
Maui Tropics batting - Pitching for Hendersonville Hitmen : RHP Carlos Hernández
|
Batting: LHB Luis Antonio Torres
|
0-0: Ball 1-0: Ball 2-0: Fly out, F8 (Line Drive, 8LD)
|
Batting: RHB Phil White
|
0-0: Ball 1-0: Called Strike 1-1: Ground out 4-3 (Groundball, 4M)
|
Batting: LHB Henry Huffman
|
0-0: Ball 1-0: Ball 2-0: Called Strike 2-1: SINGLE (Groundball, 5D)
|
Batting: RHB Damian Yates
|
0-0: Ball 1-0: Ball 2-0: Ball 3-0: Called Strike 3-1: Ground out 5-3 (Groundball, 56S)
|
Bottom of the 4th over - 0 run(s), 1 hit(s), 0 error(s), 1 left on base; Hendersonville 6 - Maui 2 |
TOP OF THE 5TH |
Hendersonville Hitmen batting - Pitching for Maui Tropics : RHP José García
|
Batting: SHB Tony López
|
0-0: Ball 1-0: Foul Ball, location: 2F 1-1: Foul Ball, location: 2F 1-2: Foul Ball, location: 2F 1-2: Foul Ball, location: 2F 1-2: Ball 2-2: Ground out 4-3 (Groundball, 4M)
|
Batting: LHB Jerry Johnston
|
0-0: Called Strike 0-1: Foul Ball, location: 2F 0-2: SOLO HOME RUN (Flyball, 9D), Distance : 366 ft
|
Pitching: RHP Hokusai Nakashima
|
|
Batting: SHB David Johnstone
|
0-0: Called Strike 0-1: Ball 1-1: Swinging Strike 1-2: Strikes out swinging
|
Batting: RHB Taylor McFarland
|
0-0: Ball 1-0: Swinging Strike 1-1: Called Strike 1-2: Ground out 4-3 (Groundball, 4)
|
Top of the 5th over - 1 run(s), 1 hit(s), 0 error(s), 0 left on base; Hendersonville 7 - Maui 2 |
BOTTOM OF THE 5TH |
Maui Tropics batting - Pitching for Hendersonville Hitmen : RHP Carlos Hernández
|
Batting: LHB Javier Espinoza
|
0-0: Called Strike 0-1: Called Strike 0-2: Ball 1-2: Ball 2-2: Ball 3-2: Foul Ball, location: 2F 3-2: Foul Ball, location: 2F 3-2: DOUBLE (Line Drive, 9LD)
|
Batting: RHB Pat Haynes
|
0-0: Ball 1-0: Called Strike 1-1: Ball 2-1: Foul Ball, location: 2F 2-2: Ball 3-2: Foul Ball, location: 2F 3-2: SINGLE (Line Drive, 7S) Javier Espinoza to third Runner from 3rd tries for Home, SAFE, no throw or cutoff
|
Batting: LHB Mario Olivares
|
0-0: Ball 1-0: Ball 2-0: Fly out, F4 (Line Drive, 4MD)
|
Batting: LHB Juan Jose Rojas
|
0-0: Ball 1-0: Foul Ball, location: 2F 1-1: Fly out, F8 (Line Drive, 8RXD)
|
Batting: RHB Jesús Espinoza
|
0-0: Ball 1-0: Swinging Strike 1-1: Swinging Strike 1-2: Strikes out swinging
|
Bottom of the 5th over - 1 run(s), 2 hit(s), 0 error(s), 1 left on base; Hendersonville 7 - Maui 3 |
TOP OF THE 6TH |
Hendersonville Hitmen batting - Pitching for Maui Tropics : RHP Hokusai Nakashima
|
Batting: RHB Carlos García
|
0-0: Ball 1-0: Swinging Strike 1-1: Foul Ball, location: 2F 1-2: Ball 2-2: Strikes out looking
|
Batting: RHB Rafael González
|
0-0: Ball 1-0: Called Strike 1-1: Ground out 6-3 (Groundball, 6)
|
Batting: LHB Lorenzo Villa
|
0-0: Foul Ball, location: 2F 0-1: Ball 1-1: Foul Ball, location: 2F 1-2: Ball 2-2: Ball 3-2: SINGLE (Groundball, 4M)
|
Batting: RHB Manolo Román
|
0-0: Ball 1-0: Called Strike 1-1: Ball 2-1: Swinging Strike 2-2: Ball 3-2: Base on Balls Lorenzo Villa to second
|
Batting: LHB Terry White
|
0-0: Ball 1-0: Swinging Strike 1-1: Ball 2-1: Ground out U3 (Groundball, 3)
|
Top of the 6th over - 0 run(s), 1 hit(s), 0 error(s), 2 left on base; Hendersonville 7 - Maui 3 |
BOTTOM OF THE 6TH |
Maui Tropics batting - Pitching for Hendersonville Hitmen : RHP Carlos Hernández
|
Pitching: RHP Jorge Pérez
|
|
Batting: LHB Luis Antonio Torres
|
0-0: Ball 1-0: Fly out, F8 (Flyball, 8LS)
|
Batting: RHB Phil White
|
0-0: Called Strike 0-1: Ground out 6-3 (Groundball, 6M)
|
Batting: LHB Henry Huffman
|
0-0: Ball 1-0: SINGLE (Line Drive, 78M)
|
Batting: RHB Damian Yates
|
0-0: Called Strike 0-1: SINGLE (Line Drive, 4MD) Henry Huffman to second
|
Batting: LHB Javier Espinoza
|
0-0: Called Strike 0-1: Fly out, F6 (Line Drive, 6)
|
Bottom of the 6th over - 0 run(s), 2 hit(s), 0 error(s), 2 left on base; Hendersonville 7 - Maui 3 |
TOP OF THE 7TH |
Hendersonville Hitmen batting - Pitching for Maui Tropics : RHP Hokusai Nakashima
|
Batting: SHB Tony López
|
0-0: Ball 1-0: Called Strike 1-1: Foul Ball, location: 2F 1-2: Ground out 4-3 (Groundball, 4)
|
Pitching: RHP Dave Riley
|
|
Batting: LHB Jerry Johnston
|
0-0: Ball 1-0: Foul Ball, location: 2F 1-1: Ball 2-1: Foul Ball, location: 2F 2-2: Foul Ball, location: 2F 2-2: Ball 3-2: Foul Ball, location: 2F 3-2: Foul Ball, location: 2F 3-2: Base on Balls
|
Batting: SHB David Johnstone
|
0-0: Ball 1-0: Reached on error, E5 (Groundball, 56S) Jerry Johnston to second
|
Batting: RHB Taylor McFarland
|
0-0: Ball 1-0: Ball 2-0: Swinging Strike 2-1: Swinging Strike 2-2: Fly out, F8 (Flyball, 8RD)
|
Batting: RHB Carlos García
|
0-0: Fielders Choice at 2nd, U6 (Groundball, 6M)
|
Top of the 7th over - 0 run(s), 0 hit(s), 1 error(s), 2 left on base; Hendersonville 7 - Maui 3 |
BOTTOM OF THE 7TH |
Maui Tropics batting - Pitching for Hendersonville Hitmen : RHP Jorge Pérez
|
Batting: RHB Pat Haynes
|
0-0: Foul Ball, location: 2F 0-1: Ball 1-1: Swinging Strike 1-2: Ground out 6-3 (Groundball, 6)
|
Batting: LHB Mario Olivares
|
0-0: Ball 1-0: Called Strike 1-1: Ball 2-1: Foul Ball, location: 2F 2-2: Ball 3-2: Base on Balls
|
Batting: LHB Juan Jose Rojas
|
0-0: Ball 1-0: Ball 2-0: Ball 3-0: Fielders Choice at 2nd, 3-6 (Groundball, 34)
|
Batting: RHB Jesús Espinoza
|
0-0: SINGLE (Line Drive, 89S) Juan Jose Rojas to second
|
Batting: LHB Luis Antonio Torres
|
0-0: SINGLE (Groundball, 4M) (infield hit) Juan Jose Rojas to third Jesús Espinoza to second
|
Batting: RHB Phil White
|
0-0: Called Strike 0-1: Foul Ball, location: 2F 0-2: Ball 1-2: SINGLE (Line Drive, 7LS) Juan Jose Rojas scores Jesús Espinoza to third Luis Antonio Torres to second
|
Batting: LHB Henry Huffman
|
0-0: Swinging Strike 0-1: Foul Ball, location: 2F 0-2: Strikes out swinging
|
Bottom of the 7th over - 1 run(s), 3 hit(s), 0 error(s), 3 left on base; Hendersonville 7 - Maui 4 |
TOP OF THE 8TH |
Hendersonville Hitmen batting - Pitching for Maui Tropics : RHP Dave Riley
|
Batting: RHB Rafael González
|
0-0: Swinging Strike 0-1: Ground out 6-3 (Groundball, 6M)
|
Batting: LHB Lorenzo Villa
|
0-0: Ball 1-0: Ball 2-0: Ball 3-0: Foul Ball, location: 2F 3-1: Called Strike 3-2: Foul Ball, location: 2F 3-2: Foul Ball, location: 2F 3-2: Foul Ball, location: 2F 3-2: Fly out, F8 (Line Drive, 8RM)
|
Batting: RHB Manolo Román
|
0-0: Called Strike 0-1: Called Strike 0-2: TRIPLE (Line Drive, 7LM)
|
Batting: LHB Terry White
|
Balk! Manolo Román scores 0-0: Ball 1-0: Ball 2-0: Ball 3-0: Base on Balls
|
Batting: SHB Tony López
|
0-0: Foul Ball, location: 2F 0-1: Ball 1-1: Ball 2-1: Called Strike Terry White is caught stealing 2nd base
|
Top of the 8th over - 1 run(s), 1 hit(s), 0 error(s), 0 left on base; Hendersonville 8 - Maui 4 |
BOTTOM OF THE 8TH |
Maui Tropics batting - Pitching for Hendersonville Hitmen : RHP Jorge Pérez
|
Pitching: RHP Robinson Gonzáles
|
|
Batting: RHB Damian Yates
|
0-0: Called Strike 0-1: Foul Ball, location: 2F 0-2: Ball 1-2: Foul Ball, location: 2F 1-2: Foul Ball, location: 2F 1-2: Strikes out looking
|
Batting: LHB Javier Espinoza
|
0-0: Ball 1-0: Called Strike 1-1: Foul Ball, location: 2F 1-2: Ball 2-2: Strikes out swinging
|
Batting: RHB Pat Haynes
|
0-0: Ball 1-0: Ball 2-0: Ground out 4-3 (Groundball, 4)
|
Bottom of the 8th over - 0 run(s), 0 hit(s), 0 error(s), 0 left on base; Hendersonville 8 - Maui 4 |
TOP OF THE 9TH |
Hendersonville Hitmen batting - Pitching for Maui Tropics : RHP Dave Riley
|
Batting: SHB Tony López
|
0-0: SINGLE (Groundball, 34D)
|
Batting: LHB Jerry Johnston
|
0-0: Ball 1-0: Sac Bunt - play at first, batter OUT! 1-4 Tony López to second
|
Batting: SHB David Johnstone
|
0-0: Intentional Walk
|
Batting: RHB Taylor McFarland
|
0-0: SINGLE (Groundball, 13) (infield hit) Tony López to third David Johnstone to second
|
Batting: RHB Carlos García
|
0-0: Ball 1-0: Grounds into double play, 5-4-3 (Groundball, 56)
|
Top of the 9th over - 0 run(s), 2 hit(s), 0 error(s), 2 left on base; Hendersonville 8 - Maui 4 |
BOTTOM OF THE 9TH |
Maui Tropics batting - Pitching for Hendersonville Hitmen : RHP Robinson Gonzáles
|
Pitching: RHP Edward Cadle
|
|
Batting: LHB Mario Olivares
|
0-0: Ball 1-0: SINGLE (Line Drive, 9LS)
|
Batting: LHB Juan Jose Rojas
|
0-0: Ball 1-0: Ball 2-0: Grounds into double play, 1-6-3 (Groundball, 15S)
|
Batting: RHB Jesús Espinoza
|
0-0: Swinging Strike 0-1: SINGLE (Groundball, 4MD)
|
Batting: LHB Luis Antonio Torres
|
0-0: Ball 1-0: Called Strike 1-1: Ball 2-1: Ball 3-1: Called Strike 3-2: Strikes out swinging
|
Bottom of the 9th over - 0 run(s), 2 hit(s), 0 error(s), 1 left on base; Hendersonville 8 - Maui 4 |
|